 Dungeon Crawl Stone Soup version 0.17.1-3-g152610e (webtiles) character file.

247 Jerry the Shield-Bearer (level 6, -3/47 HPs)
             Began as a Formicid Fighter on Apr 6, 2016.
             Killed by divine providence
             ... invoked by an orc priest
              (15 damage)
             ... on level 4 of the Dungeon.
             The game lasted 00:07:36 (2660 turns).

Jerry the Shield-Bearer (Formicid Fighter)          Turns: 2660, Time: 00:07:36

Health: -3/47      AC:  8    Str: 22    XL:     6   Next: 33%
Magic:  6/6        EV:  8    Int:  8    God:
Gold:   119        SH: 10    Dex: 10    Spells: 0 memorised, 5 levels left

rFire  . . .     SeeInvis +     a - +0 war axe
rCold  . . .     Clarity  .     b - +0 scale mail
rNeg   . . .     SustAt   .     c - +0 shield
rPois  .         Gourm    .     (helmet unavailable)
rElec  .         Spirit   .     y - +0 cloak
rCorr  .         Warding  .     (no gloves)
rMut   .         Stasis   +     (no boots)
MR     .....                    (no amulet)
Stlth  ..........               (no ring)
                                (no ring)

@: not resistant to hostile enchantments, extremely unstealthy
A: permanent stasis, dig shafts and tunnels, four strong arms, antennae 3
a: Dig, Shaft Self


You were on level 4 of the Dungeon.
You were not hungry.

You visited 1 branch of the dungeon, and saw 4 of its levels.

You collected 119 gold pieces.

Inventory:

Hand Weapons
 a - a +0 war axe (weapon)
Armour
 b - a +0 scale mail (worn)
 c - a +0 shield (worn)
 y - a +0 cloak (worn)
Jewellery
 k - a cursed amulet of inaccuracy {unknown}
Scrolls
 g - 9 scrolls of identify
 n - 3 scrolls of remove curse {unknown}
 o - 2 scrolls of immolation {unknown}
 p - 3 scrolls of enchant weapon {unknown}
 r - 2 scrolls of teleportation {unknown}
 s - 3 scrolls of blinking {unknown}
Potions
 d - a potion of might
 f - 3 potions of lignification {unknown}
 h - 4 potions of heal wounds {unknown}
 j - 2 potions of resistance {unknown}
 l - 4 potions of curing
 q - 2 potions of poison {unknown}
 u - 2 potions of degeneration {unknown}
 v - a potion of brilliance {unknown}
 w - a potion of flight {unknown}
 z - a potion of berserk rage {unknown}
Books
 t - a book of Cantrips

   Spells                             Type                      Level
   a - Corona                         Hexes                        1
   b - Animate Skeleton               Necromancy                   1
   c - Summon Small Mammal            Summoning                    1
   d - Apportation                    Translocation                1
Comestibles
 e - 6 bread rations
 i - 3 meat rations
 m - a beef jerky
 A - a slice of pizza


   Skills:
 - Level 3.2 Fighting
 + Level 4.0 Axes
 + Level 5.0 Armour
 + Level 5.3 Shields


You had 5 spell levels left.
You didn't know any spells.

Dungeon Overview and Level Annotations

Branches:
Dungeon (4/15)
 Temple: D:4-7

Altars:
Ashenzari
Elyvilon
Sif Muna

Shops:
D:4 [


Innate Abilities, Weirdness & Mutations

You are under a permanent stasis effect.
You can dig through walls and to a lower floor.
Your four strong arms can wield two-handed weapons with a shield.
You have a pair of large antennae on your head (SInv).


Message History

The orc priest is lightly wounded.
You hit the orc.
You kill the orc!
The orc priest hits you but does no damage.
The orc priest looks braver for a moment.
You hit the orc priest.
The orc priest is moderately wounded.
The orc priest invokes the aid of Beogh against you.
Something smites you!
* * * LOW HITPOINT WARNING * * *
You are too injured to fight recklessly!
You are too injured to fight recklessly!
You barely miss the orc priest.
The orc priest is moderately wounded.
You block the orc priest's attack.
You closely miss the orc priest.
The orc priest is moderately wounded.
The orc priest mumbles some strange prayers to Beogh against you.
Something smites you!
You die...

####### #. .......
#####. ....... .......
....... ......# ....<..
...... .......
...#.##)......
..#..@o......
#.#..#....>..
#.#..#...$.$.
#....#....... #.
#.......####....
#.....#....#..#.
###.######..............
.......<..)...#.........
.$......8.8.8...........


You could see an orc priest.

Vanquished Creatures
  The ghost of SaintRoka the Sneak, an amateur HaAs (D:3)
  An orc wizard (D:3)
  An orc priest (D:4)
  An adder (D:2)
  3 oozes
  3 worms (D:2)
  4 giant geckos
  7 orcs
  4 bats
  4 giant cockroaches
  7 goblins
  8 hobgoblins
  2 jackals (D:1)
  A ball python (D:2)
  9 giant newts
  11 kobolds
  3 rats
70 creatures vanquished.

Notes
Turn   | Place    | Note
--------------------------------------------------------------
     0 | D:1      | Jerry the Formicid Fighter began the quest for the Orb.
     0 | D:1      | Reached XP level 1. HP: 18/18 MP: 1/1
    18 | D:1      | Reached XP level 2. HP: 24/24 MP: 2/2
   201 | D:1      | Reached skill level 4 in Shields
   240 | D:1      | Reached XP level 3. HP: 20/29 MP: 3/3
  1001 | D:2      | Reached XP level 4. HP: 27/35 MP: 4/4
  1439 | D:2      | Found a deep blue altar of Sif Muna.
  1482 | D:2      | Found a white marble altar of Elyvilon.
  1598 | D:3      | Noticed SaintRoka's ghost (amateur HaAs)
  1627 | D:3      | Killed SaintRoka's ghost
  1627 | D:3      | Reached XP level 5. HP: 38/41 MP: 5/5
  1704 | D:3      | Reached skill level 5 in Shields
  1912 | D:3      | Found a shattered altar of Ashenzari.
  2070 | D:3      | Reached XP level 6. HP: 33/47 MP: 6/6
  2609 | D:4      | Found Ylit's Armour Shop.
  2653 | D:4      | Reached skill level 5 in Armour
  2660 | D:4      | Killed from afar by an orc priest

Action                   |  1- 3 |  4- 6 || total
-------------------------+-------+-------++-------
Melee: War axe           |   116 |   162 ||   278
  Use: Scroll            |     1 |       ||     1
  Eat: Chunk             |     1 |     5 ||     6
